| TOP OF THE 1ST |
|
University of Illinois Fighting Illini batting - Pitching for Clemson University Tigers : RHP Cong Tung
|
|
Pitching: RHP Cong Tung
|
|
|
Batting: SHB Ryan Marsh
|
0-0: Reached on error, E4 (Groundball, 4, EV 80.6 MPH)
|
|
Batting: RHB James Lewis
|
0-0: Foul Ball, location: 2F 0-1: Ball 1-1: Swinging Strike 1-2: Ball 2-2: Ball 3-2: Base on Balls Ryan Marsh to second
|
|
Batting: LHB Stuart Parker
|
0-0: Called Strike 0-1: Ball 1-1: SINGLE (Groundball, 4D, EV 97.5 MPH) Ryan Marsh to third James Lewis to second
|
|
Batting: RHB D.J. Sheldon
|
0-0: Swinging Strike 0-1: SINGLE (Line Drive, 8LS, EV 90.0 MPH) Ryan Marsh scores James Lewis to third Stuart Parker to second Runner from 3rd tries for Home, SAFE, throw by LF to home
|
|
Batting: RHB Lance Borgen
|
0-0: Ball 1-0: Foul Ball, location: 2F 1-1: Fly out, F7 (Flyball, 7S, EV 87.5 MPH)
|
|
Batting: RHB Matt Lapthorne
|
0-0: Ball 1-0: Swinging Strike 1-1: Fly out, F7 (Flyball, 7S, EV 85.0 MPH)
|
|
Batting: RHB Omar Cruz
|
0-0: Called Strike 0-1: Foul Ball, location: 2F 0-2: Foul Ball, location: 2F 0-2: Hit by Pitch Stuart Parker to third D.J. Sheldon to second
|
|
Batting: RHB Joe Kirschner
|
0-0: Ball 1-0: Fly out, F3 (Popup, 34, EV 83.1 MPH)
|
| Top of the 1st over - 2 runs, 2 hits, 1 error, 3 left on base; University of Illinois 2 - Clemson University 0 |
| BOTTOM OF THE 1ST |
|
Clemson University Tigers batting - Pitching for University of Illinois Fighting Illini : LHP Eric James
|
|
Pitching: LHP Eric James
|
|
|
Batting: LHB Steve Gates
|
0-0: Called Strike 0-1: DOUBLE (Flyball, 78D, EV 110.0 MPH)
|
|
Batting: LHB Santiago Carrillo
|
0-0: Ball 1-0: Called Strike 1-1: Called Strike 1-2: Foul Ball, location: 2F 1-2: SINGLE (Flyball, 6D, EV 85.6 MPH) - OUT at second base trying to stretch hit. Steve Gates scores
|
|
Batting: RHB Marco Maggs
|
0-0: Ball 1-0: Hit by Pitch
|
|
Batting: RHB Josh LeSage
|
0-0: Called Strike 0-1: Ball 1-1: Called Strike 1-2: Ball 2-2: Fielders Choice at 2nd, 6-4 (Groundball, 6, EV 88.8 MPH)
|
|
Batting: LHB Mario Nunez
|
0-0: Ball 1-0: Ball 2-0: Ball 3-0: Base on Balls Josh LeSage to second
|
|
Batting: LHB George Jedinak
|
0-0: DOUBLE (Line Drive, 8RXD, EV 112.5 MPH) Josh LeSage scores Mario Nunez to third Runner from 3rd tries for Home, SAFE, no throw by CF
|
|
Batting: LHB Alfredo Padilla
|
0-0: Ball 1-0: Called Strike 1-1: Ball 2-1: Foul Ball, location: 2F 2-2: Foul Ball, location: 2F 2-2: Foul Ball, location: 2F 2-2: DOUBLE (Line Drive, 7LM, EV 111.9 MPH) George Jedinak scores
|
|
Batting: RHB Danny Gutierrez
|
0-0: Called Strike 0-1: Swinging Strike 0-2: Ball 1-2: Ball 2-2: Foul Ball, location: 2F 2-2: Ball 3-2: Foul Ball, location: 2F 3-2: Ground out 6-3 (Groundball, 6, EV 105.0 MPH)
|
| Bottom of the 1st over - 4 runs, 4 hits, 0 errors, 1 left on base; University of Illinois 2 - Clemson University 4 |
| TOP OF THE 2ND |
|
University of Illinois Fighting Illini batting - Pitching for Clemson University Tigers : RHP Cong Tung
|
|
Batting: RHB Bobby Merritt
|
0-0: Foul Ball, location: 2F 0-1: SOLO HOME RUN (Flyball, 78XD, EV 111.2 MPH), Distance : 428 ft
|
|
Batting: SHB Ryan Marsh
|
0-0: Foul Ball, location: 2F 0-1: Ball 1-1: Ball 2-1: Fly out, F9 (Flyball, 89D, EV 83.1 MPH)
|
|
Batting: RHB James Lewis
|
0-0: Ball 1-0: Called Strike 1-1: SINGLE (Groundball, 34S, EV 63.8 MPH) (infield hit)
|
|
Batting: LHB Stuart Parker
|
0-0: Called Strike 0-1: Ball 1-1: 2-RUN HOME RUN (Flyball, 89XD, EV 97.5 MPH), Distance : 403 ft
|
|
Batting: RHB D.J. Sheldon
|
0-0: Swinging Strike 0-1: Ball 1-1: Ground out 5-3 (Groundball, 15, EV 92.5 MPH)
|
|
Batting: RHB Lance Borgen
|
0-0: Called Strike 0-1: Ball 1-1: Called Strike 1-2: Foul Ball, location: 2F 1-2: Ball 2-2: Foul Ball, location: 2F 2-2: Ball 3-2: Base on Balls
|
|
Batting: RHB Matt Lapthorne
|
0-0: Foul Ball, location: 2F 0-1: Ball 1-1: Swinging Strike 1-2: Ground out 6-3 (Groundball, 6MS, EV 82.5 MPH)
|
| Top of the 2nd over - 3 runs, 3 hits, 0 errors, 1 left on base; University of Illinois 5 - Clemson University 4 |
| BOTTOM OF THE 2ND |
|
Clemson University Tigers batting - Pitching for University of Illinois Fighting Illini : LHP Eric James
|
|
Batting: LHB Tony Rivera
|
0-0: Foul Ball, location: 2F 0-1: Foul Ball, location: 2F 0-2: Fly out, F8 (Line Drive, 8LD, EV 106.2 MPH)
|
|
Batting: LHB Steve Gates
|
0-0: Called Strike 0-1: Called Strike 0-2: Ball 1-2: Foul Ball, location: 2F 1-2: Foul Ball, location: 2F 1-2: Ball 2-2: Strikes out swinging
|
|
Batting: LHB Santiago Carrillo
|
0-0: Ball 1-0: Called Strike 1-1: Swinging Strike 1-2: Foul Ball, location: 2F 1-2: Foul Ball, location: 2F 1-2: Ball 2-2: Strikes out looking
|
| Bottom of the 2nd over - 0 runs, 0 hits, 0 errors, 0 left on base; University of Illinois 5 - Clemson University 4 |
| TOP OF THE 3RD |
|
University of Illinois Fighting Illini batting - Pitching for Clemson University Tigers : RHP Cong Tung
|
|
Batting: RHB Omar Cruz
|
0-0: Called Strike 0-1: Ball 1-1: Swinging Strike 1-2: Ball 2-2: Ball 3-2: Base on Balls
|
|
Batting: RHB Joe Kirschner
|
0-0: Called Strike 0-1: Ball 1-1: Swinging Strike 1-2: Ball 2-2: Foul Ball, location: 2F 2-2: Ball 3-2: Foul Ball, location: 2F 3-2: Base on Balls Omar Cruz to second
|
|
Batting: RHB Bobby Merritt
|
0-0: Called Strike 0-1: Grounds into double play, 6-4-3 (Groundball, 6M, EV 101.2 MPH) Omar Cruz to third
|
|
Batting: SHB Ryan Marsh
|
0-0: Fly out, F7 (Flyball, 7D, EV 91.2 MPH)
|
| Top of the 3rd over - 0 runs, 0 hits, 0 errors, 1 left on base; University of Illinois 5 - Clemson University 4 |
| BOTTOM OF THE 3RD |
|
Clemson University Tigers batting - Pitching for University of Illinois Fighting Illini : LHP Eric James
|
|
Batting: RHB Marco Maggs
|
0-0: Ball 1-0: Ball 2-0: Ground out 6-3 (Groundball, 6, EV 106.9 MPH)
|
|
Batting: RHB Josh LeSage
|
0-0: Called Strike 0-1: SINGLE (Line Drive, 5D, EV 96.9 MPH)
|
|
Batting: LHB Mario Nunez
|
0-0: Ball 1-0: Ball 2-0: Ball 3-0: Called Strike 3-1: Base on Balls Josh LeSage to second
|
|
Batting: LHB George Jedinak
|
0-0: Foul Ball, location: 2F 0-1: Fly out, F9 (Flyball, 89M, EV 77.5 MPH)
|
|
Batting: LHB Alfredo Padilla
|
0-0: Ball 1-0: Ball 2-0: Ball 3-0: Called Strike 3-1: Base on Balls Josh LeSage to third Mario Nunez to second
|
|
Batting: RHB Danny Gutierrez
|
0-0: Called Strike 0-1: Ball 1-1: Ball 2-1: Fielders Choice at 2nd, U4 (Groundball, 4M, EV 87.5 MPH)
|
| Bottom of the 3rd over - 0 runs, 1 hit, 0 errors, 3 left on base; University of Illinois 5 - Clemson University 4 |
| TOP OF THE 4TH |
|
University of Illinois Fighting Illini batting - Pitching for Clemson University Tigers : RHP Cong Tung
|
|
Batting: RHB James Lewis
|
0-0: Ball 1-0: Called Strike 1-1: Ground out 5-3 (Groundball, 5, EV 82.5 MPH)
|
|
Batting: LHB Stuart Parker
|
0-0: Ball 1-0: Ball 2-0: Ball 3-0: Called Strike 3-1: Fly out, F8 (Line Drive, 8RM, EV 91.9 MPH)
|
|
Batting: RHB D.J. Sheldon
|
0-0: Called Strike 0-1: Foul Ball, location: 2F 0-2: Strikes out swinging
|
| Top of the 4th over - 0 runs, 0 hits, 0 errors, 0 left on base; University of Illinois 5 - Clemson University 4 |
| BOTTOM OF THE 4TH |
|
Clemson University Tigers batting - Pitching for University of Illinois Fighting Illini : LHP Eric James
|
|
Batting: LHB Tony Rivera
|
0-0: Ball 1-0: Ball 2-0: Ball 3-0: Called Strike 3-1: Foul Ball, location: 2F 3-2: SOLO HOME RUN (Flyball, 9D, EV 99.4 MPH), Distance : 376 ft
|
|
Pitching: LHP Arturo Majana
|
|
|
Batting: LHB Steve Gates
|
0-0: Ball 1-0: Ground out 6-3 (Groundball, 6, EV 83.1 MPH)
|
|
Batting: LHB Santiago Carrillo
|
0-0: Ball 1-0: Called Strike 1-1: Called Strike 1-2: Ball 2-2: Strikes out looking
|
|
Batting: RHB Marco Maggs
|
0-0: Reached on error, E6 (Groundball, 6, EV 88.1 MPH)
|
|
Batting: RHB Josh LeSage
|
0-0: Called Strike 0-1: Ball Marco Maggs steals 2nd base 1-1: Foul Ball, location: 2F 1-2: Ball 2-2: Foul Ball, location: 2F 2-2: Foul Ball, location: 2F 2-2: Ground out 5-3 (Groundball, 5L, EV 88.8 MPH)
|
| Bottom of the 4th over - 1 run, 1 hit, 1 error, 1 left on base; University of Illinois 5 - Clemson University 5 |
| TOP OF THE 5TH |
|
University of Illinois Fighting Illini batting - Pitching for Clemson University Tigers : RHP Cong Tung
|
|
Batting: RHB Lance Borgen
|
0-0: Ball 1-0: Called Strike 1-1: Ball 2-1: SINGLE (Line Drive, 9S, EV 93.1 MPH)
|
|
Batting: RHB Matt Lapthorne
|
0-0: Foul Ball, location: 2F 0-1: Ball 1-1: Ball 2-1: Ball 3-1: Foul Ball, location: 2F 3-2: Grounds into double play, 6-4-3 (Groundball, 6S, EV 81.2 MPH)
|
|
Batting: RHB Omar Cruz
|
0-0: Swinging Strike 0-1: Called Strike 0-2: Strikes out looking
|
| Top of the 5th over - 0 runs, 1 hit, 0 errors, 0 left on base; University of Illinois 5 - Clemson University 5 |
| BOTTOM OF THE 5TH |
|
Clemson University Tigers batting - Pitching for University of Illinois Fighting Illini : LHP Arturo Majana
|
|
Batting: LHB Mario Nunez
|
0-0: Ground out 4-3 (Groundball, 4, EV 86.9 MPH)
|
|
Batting: LHB George Jedinak
|
0-0: Ball 1-0: Called Strike 1-1: Ball 2-1: Called Strike 2-2: Foul Ball, location: 2F 2-2: Ball 3-2: Foul Ball, location: 2F 3-2: Ground out 5-3 (Groundball, 6, EV 96.9 MPH)
|
|
Batting: LHB Alfredo Padilla
|
0-0: Ball 1-0: Foul Ball, location: 2F 1-1: Foul Ball, location: 2F 1-2: Foul Ball, location: 2F 1-2: SINGLE (Flyball, 34D, EV 96.9 MPH)
|
|
Pitching: RHP Ross Ledford
|
|
|
Batting: RHB Danny Gutierrez
|
0-0: Ball 1-0: Swinging Strike 1-1: Foul Ball, location: 2F 1-2: Ball 2-2: Ground out 6-3 (Groundball, 6MS, EV 85.0 MPH)
|
| Bottom of the 5th over - 0 runs, 1 hit, 0 errors, 1 left on base; University of Illinois 5 - Clemson University 5 |
| TOP OF THE 6TH |
|
University of Illinois Fighting Illini batting - Pitching for Clemson University Tigers : RHP Cong Tung
|
|
Pitching: RHP Trevor Doyle
|
|
|
Batting: RHB Joe Kirschner
|
0-0: Foul Ball, location: 2F 0-1: SINGLE (Line Drive, 78S, EV 112.5 MPH)
|
|
Batting: RHB Bobby Merritt
|
0-0: Swinging Strike 0-1: Fielders Choice at 2nd, 3-6 (Groundball, 3S, EV 82.5 MPH)
|
|
Batting: SHB Ryan Marsh
|
0-0: Called Strike 0-1: Swinging Strike 0-2: Strikes out swinging
|
|
Batting: RHB James Lewis
|
0-0: Ball 1-0: Ball 2-0: Ball 3-0: Called Strike 3-1: Ground out 3-1 (Groundball, 34, EV 108.1 MPH)
|
| Top of the 6th over - 0 runs, 1 hit, 0 errors, 1 left on base; University of Illinois 5 - Clemson University 5 |
| BOTTOM OF THE 6TH |
|
Clemson University Tigers batting - Pitching for University of Illinois Fighting Illini : RHP Ross Ledford
|
|
Batting: LHB Tony Rivera
|
0-0: Ball 1-0: Ball 2-0: Called Strike 2-1: Ball 3-1: Called Strike 3-2: Strikes out swinging
|
|
Batting: LHB Steve Gates
|
0-0: Called Strike 0-1: Ball 1-1: Ball 2-1: Fly out, F8 (Line Drive, 8LM, EV 93.8 MPH)
|
|
Batting: LHB Santiago Carrillo
|
0-0: Ball 1-0: SINGLE (Groundball, 4D, EV 99.4 MPH)
|
|
Batting: RHB Marco Maggs
|
0-0: Ball 1-0: Ball 2-0: Foul Ball, location: 2F 2-1: Swinging Strike 2-2: Fly out, F8 (Flyball, 89D, EV 100.6 MPH)
|
| Bottom of the 6th over - 0 runs, 1 hit, 0 errors, 1 left on base; University of Illinois 5 - Clemson University 5 |
| TOP OF THE 7TH |
|
University of Illinois Fighting Illini batting - Pitching for Clemson University Tigers : RHP Trevor Doyle
|
|
Pitching: LHP Jonathan Hughes
|
|
|
Batting: LHB Stuart Parker
|
0-0: Called Strike 0-1: Ball 1-1: Ground out U3 (Groundball, 3, EV 91.9 MPH)
|
|
Batting: RHB D.J. Sheldon
|
0-0: Fly out, F4 (Popup, 4S, EV 61.9 MPH)
|
|
Batting: RHB Lance Borgen
|
0-0: Called Strike 0-1: Ball 1-1: Ball 2-1: Ball 3-1: Base on Balls
|
|
Batting: RHB Matt Lapthorne
|
0-0: Ball 1-0: Called Strike 1-1: Ball 2-1: Called Strike 2-2: Fly out, F9 (Flyball, 89M, EV 76.2 MPH)
|
| Top of the 7th over - 0 runs, 0 hits, 0 errors, 1 left on base; University of Illinois 5 - Clemson University 5 |
| BOTTOM OF THE 7TH |
|
Clemson University Tigers batting - Pitching for University of Illinois Fighting Illini : RHP Ross Ledford
|
|
Pitching: LHP Ryan Bradshaw
|
|
|
Batting: RHB Josh LeSage
|
0-0: Called Strike 0-1: Ball 1-1: Foul Ball, location: 2F 1-2: Ball 2-2: Ball 3-2: Fly out, F9 (Line Drive, 9D, EV 103.1 MPH)
|
|
Pitching: RHP Mo Teoh
|
|
|
Batting: LHB Mario Nunez
|
0-0: Called Strike 0-1: Ball 1-1: Ball 2-1: Swinging Strike 2-2: Strikes out swinging
|
|
Batting: LHB George Jedinak
|
0-0: Ball 1-0: SINGLE (Groundball, 6D, EV 103.8 MPH)
|
|
Batting: LHB Alfredo Padilla
|
0-0: Ball 1-0: Foul Ball, location: 2F 1-1: Fly out, F3 (Popup, 3L, EV 61.9 MPH)
|
| Bottom of the 7th over - 0 runs, 1 hit, 0 errors, 1 left on base; University of Illinois 5 - Clemson University 5 |
| TOP OF THE 8TH |
|
University of Illinois Fighting Illini batting - Pitching for Clemson University Tigers : LHP Jonathan Hughes
|
|
Pitching: LHP Will West
|
|
|
Batting: RHB Omar Cruz
|
0-0: Foul Ball, location: 2F 0-1: Called Strike 0-2: Strikes out looking
|
|
Batting: RHB Joe Kirschner
|
0-0: Ball 1-0: Ball 2-0: Swinging Strike 2-1: SOLO HOME RUN (Flyball, 7LD, EV 96.2 MPH), Distance : 340 ft
|
|
Batting: RHB Bobby Merritt
|
0-0: Ball 1-0: Fly out, F9 (Flyball, 9LS, EV 81.9 MPH)
|
|
Batting: SHB Ryan Marsh
|
0-0: Called Strike 0-1: Ball 1-1: Foul Ball, location: 2F 1-2: Foul Ball, location: 2F 1-2: Ball 2-2: Ball 3-2: Foul Ball, location: 2F 3-2: Foul Ball, location: 2F 3-2: Foul Ball, location: 2F 3-2: SINGLE (Groundball, 4M, EV 98.1 MPH)
|
|
Batting: RHB James Lewis
|
0-0: Ball 1-0: Fly out, F9 (Flyball, 9LS, EV 74.4 MPH)
|
| Top of the 8th over - 1 run, 2 hits, 0 errors, 1 left on base; University of Illinois 6 - Clemson University 5 |
| BOTTOM OF THE 8TH |
|
Clemson University Tigers batting - Pitching for University of Illinois Fighting Illini : RHP Mo Teoh
|
|
Batting: RHB Danny Gutierrez
|
0-0: Called Strike 0-1: SINGLE (Line Drive, 6D, EV 95.0 MPH)
|
|
Pinch Hitting: LHB David Fiedler
|
0-0: Foul Ball, location: 2F 0-1: Foul Ball, location: 2F 0-2: Ball 1-2: Foul Ball, location: 2F 1-2: Foul Ball, location: 2F 1-2: Ball 2-2: Fly out, F4 (Flyball, 4MD, EV 82.5 MPH)
|
|
Batting: LHB Steve Gates
|
0-0: Called Strike 0-1: Foul Ball, location: 2F 0-2: Ball Pickoff Throw to First - Out! 1-3 CS 1-2: Ball 2-2: Foul Ball, location: 2F 2-2: Strikes out swinging
|
| Bottom of the 8th over - 0 runs, 1 hit, 0 errors, 0 left on base; University of Illinois 6 - Clemson University 5 |
| TOP OF THE 9TH |
|
University of Illinois Fighting Illini batting - Pitching for Clemson University Tigers : LHP Will West
|
|
Pitching: RHP John Sweet
|
|
|
Now in CF: Jochen Salt
|
|
|
Now in RF: Steve Gates
|
|
|
Batting: LHB Stuart Parker
|
0-0: Ball 1-0: Swinging Strike 1-1: Ball 2-1: Foul Ball, location: 2F 2-2: Ground out U3 (Groundball, 34, EV 84.4 MPH)
|
|
Batting: RHB D.J. Sheldon
|
0-0: Swinging Strike 0-1: Ball 1-1: Called Strike 1-2: Strikes out looking
|
|
Batting: RHB Lance Borgen
|
0-0: Called Strike 0-1: Ball 1-1: Called Strike 1-2: Strikes out swinging
|
| Top of the 9th over - 0 runs, 0 hits, 0 errors, 0 left on base; University of Illinois 6 - Clemson University 5 |
| BOTTOM OF THE 9TH |
|
Clemson University Tigers batting - Pitching for University of Illinois Fighting Illini : RHP Mo Teoh
|
|
Pitching: LHP Adam Green
|
|
|
Batting: LHB Santiago Carrillo
|
0-0: Called Strike 0-1: Ball 1-1: Swinging Strike 1-2: Ball 2-2: Ground out 6-3 (Groundball, 56, EV 103.1 MPH)
|
|
Batting: RHB Marco Maggs
|
0-0: Called Strike 0-1: Ground out 6-3 (Groundball, 6, EV 83.1 MPH)
|
|
Batting: RHB Josh LeSage
|
0-0: Ball 1-0: Ball 2-0: Swinging Strike 2-1: SINGLE (Line Drive, 9S, EV 105.6 MPH)
|
|
Batting: LHB Mario Nunez
|
0-0: Foul Ball, location: 2F 0-1: Ball 1-1: Called Strike 1-2: Ball 2-2: SINGLE (Groundball, 6D, EV 97.5 MPH) Josh LeSage to second Runner from 2nd tries for 3rd, SAFE, no throw by CF
|
|
Batting: LHB George Jedinak
|
0-0: Ball 1-0: Ball 2-0: Called Strike 2-1: Ball 3-1: Swinging Strike 3-2: Base on Balls Mario Nunez to second
|
|
Batting: LHB Alfredo Padilla
|
0-0: Called Strike 0-1: Foul Ball, location: 2F 0-2: SINGLE (Flyball, 4D, EV 86.2 MPH) Josh LeSage scores Mario Nunez to third George Jedinak to second Runner from 3rd tries for Home, SAFE, throw by CF to home
|
| Bottom of the 9th over - 2 runs, 3 hits, 0 errors, 2 left on base; University of Illinois 6 - Clemson University 7 |
|